[ AOE2 MATCH · #507870009 ]
UnrankedSicilians vs Chinese
Player's team · LOSS
Rival team · WIN
[ REPLAY ANALYSIS · EXTRACTED FROM THE RECORDED GAME ]
Feudal
10:02
Castle
—
Imperial
—
| APM avg | 71.7 |
| APM peak | 119 |
| eAPM avg | 28.6 |
| Villagers / military | 54 / 27 |
Focus
⚔️ 39.4% · 🌾 60.6%
Serjeant ×23 · Spearman ×4
Feudal
8:52
Castle
23:10
Imperial
—
| APM avg | 41.4 |
| APM peak | 81 |
| eAPM avg | 16.0 |
| Villagers / military | 49 / 25 |
Focus
⚔️ 35.2% · 🌾 64.8%
Archer ×25
Match map
Initial resources + every placement click. Lines = walls · curves = elevation contours. ◆ gold · ⬟ stone · ● berries · ✦ relic · ◌ wall gap
Your base· Open — unwalled flank
Titanius's base· Open — 5t gap
Smoothed initial terrain · ◌ = detected wall gap · hover for details
Inputs per minute
— Im_16Years_Old_IamCaPte - - Titanius
Build order — Im_16Years_Old_IamCaPte
143 actions detected in the replay
| 0:00 | Queue | Villager (Male) |
| 0:00 | Queue | Villager (Male) |
| 0:00 | Queue | Villager (Male) |
| 0:00 | Queue | Villager (Male) |
| 0:01 | Build | House |
| 0:02 | Build | House |
| 1:38 | Queue | Villager (Male) |
| 1:38 | Queue | Villager (Male) |
| 1:51 | Queue | Villager (Male) |
| 1:55 | Build | Lumber Camp |
| 2:13 | Queue | Villager (Male) |
| 2:14 | Queue | Villager (Male) |
| 2:16 | Build | House |
| 2:52 | Queue | Villager (Male) |
| 2:52 | Queue | Villager (Male) |
| 3:14 | Queue | Villager (Male) |
| 3:15 | Queue | Villager (Male) |
| 3:52 | Queue | Villager (Male) |
| 4:09 | Queue | Villager (Male) |
| 4:09 | Queue | Villager (Male) |
| 4:23 | Queue | Villager (Male) |
| 4:39 | Build | House |
| 4:48 | Queue | Villager (Male) |
| 4:48 | Queue | Villager (Male) |
| 4:48 | Queue | Villager (Male) |
| 5:14 | Build | House |
| 5:24 | Queue | Villager (Male) |
| 5:24 | Queue | Villager (Male) |
| 5:24 | Queue | Villager (Male) |
| 5:36 | Queue | Villager (Male) |
| 5:36 | Queue | Villager (Male) |
| 6:03 | Queue | Villager (Male) |
| 6:03 | Queue | Villager (Male) |
| 6:30 | Build | Mill |
| 6:53 | Build | House |
| 6:55 | Queue | Villager (Male) |
| 7:03 | Research | Loom |
| 7:52 | Research | Feudal Age |
| 7:52 | Research | Feudal Age |
| 8:24 | Build | Mining Camp |
| 8:46 | Build | Mill |
| 10:02 | Age | Feudal Age |
| 10:05 | Queue | Villager (Male) |
| 10:05 | Queue | Villager (Male) |
| 10:16 | Build | Donjon |
| 10:28 | Queue | Villager (Male) |
| 10:36 | Build | Mining Camp |
| 10:48 | Queue | Villager (Male) |
| 10:50 | Build | Blacksmith |
| 11:00 | Build | House |
| 11:03 | Queue | Villager (Male) |
| 11:17 | Queue | Serjeant |
| 11:17 | Queue | Serjeant |
| 11:18 | Queue | Serjeant |
| 11:43 | Build | Gate |
| 11:44 | Queue | Serjeant |
| 11:46 | Build | House |
| 11:56 | Queue | Villager (Male) |
| 11:57 | Build | Farm |
| 12:05 | Queue | Serjeant |
| 12:15 | Build | House |
| 12:37 | Queue | Villager (Male) |
| 12:37 | Queue | Villager (Male) |
| 12:37 | Queue | Villager (Male) |
| 12:39 | Build | Farm |
| 12:39 | Build | Farm |
| 12:41 | Build | Farm |
| 12:43 | Build | Farm |
| 13:08 | Build | Donjon |
| 13:26 | Queue | Villager (Male) |
| 13:28 | Build | House |
| 13:39 | Build | Farm |
| 13:40 | Build | Farm |
| 13:46 | Queue | Spearman |
| 13:50 | Queue | Spearman |
| 13:53 | Queue | Serjeant |
| 13:58 | Build | Donjon |
| 14:04 | Build | House |
| 14:08 | Queue | Villager (Male) |
| 14:13 | Build | Farm |
| 14:44 | Queue | Villager (Male) |
| 14:48 | Build | Farm |
| 14:48 | Build | Farm |
| 14:58 | Queue | Spearman |
| 15:00 | Queue | Serjeant |
| 15:08 | Queue | Villager (Male) |
| 15:08 | Queue | Villager (Male) |
| 15:10 | Build | Farm |
| 15:11 | Build | Farm |
| 15:33 | Queue | Villager (Male) |
| 15:45 | Build | Donjon |
| 15:59 | Build | House |
| 16:00 | Build | House |
| 16:19 | Build | Donjon |
| 16:19 | Queue | Serjeant |
| 16:27 | Queue | Villager (Male) |
| 16:28 | Queue | Villager (Male) |
| 16:29 | Build | Farm |
| 16:32 | Research | Scale Mail Armor |
| 16:37 | Queue | Serjeant |
| 16:37 | Queue | Serjeant |
| 16:51 | Build | Donjon |
| 17:04 | Queue | Villager (Male) |
| 17:04 | Queue | Villager (Male) |
| 17:04 | Queue | Villager (Male) |
| 17:05 | Build | Farm |
| 17:12 | Queue | Villager (Male) |
| 17:23 | Queue | Spearman |
| 17:26 | Queue | Serjeant |
| 17:31 | Queue | Villager (Male) |
| 17:47 | Research | Town Watch |
| 18:05 | Queue | Villager (Male) |
| 18:06 | Build | Market |
| 18:39 | Build | Donjon |
| 18:40 | Queue | Serjeant |
| 18:40 | Queue | Serjeant |
| 18:40 | Queue | Serjeant |
| 18:48 | Build | Donjon |
| 18:49 | Queue | Villager (Male) |
| 19:01 | Queue | Serjeant |
| 19:13 | Queue | Villager (Male) |
| 19:15 | Build | House |
| 19:15 | Build | House |
| 19:33 | Queue | Serjeant |
| 19:34 | Queue | Serjeant |
| 19:38 | Build | Farm |
| 19:54 | Queue | Serjeant |
| 20:06 | Build | Donjon |
| 20:07 | Queue | Serjeant |
| 20:29 | Queue | Villager (Male) |
| 21:13 | Build | Donjon |
| 21:27 | Research | Castle Age |
| 21:27 | Research | Castle Age |
| 21:40 | Queue | Serjeant |
| 21:55 | Build | Farm |
| 21:57 | Build | Farm |
| 22:02 | Queue | Serjeant |
| 22:09 | Build | Farm |
| 22:36 | Build | House |
| 22:40 | Build | Donjon |
| 22:51 | Queue | Serjeant |
| 22:51 | Queue | Serjeant |
| 23:01 | Build | Donjon |
Build order — Titanius
132 actions detected in the replay
| 0:03 | Research | Loom |
| 0:42 | Queue | Villager (Male) |
| 1:07 | Queue | Villager (Male) |
| 1:07 | Queue | Villager (Male) |
| 1:32 | Queue | Villager (Male) |
| 1:57 | Queue | Villager (Male) |
| 1:57 | Queue | Villager (Male) |
| 2:09 | Build | Lumber Camp |
| 2:27 | Queue | Villager (Male) |
| 2:41 | Queue | Villager (Male) |
| 2:41 | Queue | Villager (Male) |
| 3:21 | Queue | Villager (Male) |
| 3:21 | Queue | Villager (Male) |
| 3:21 | Queue | Villager (Male) |
| 3:26 | Build | House |
| 3:29 | Build | House |
| 3:53 | Queue | Villager (Male) |
| 3:53 | Queue | Villager (Male) |
| 4:10 | Queue | Villager (Male) |
| 4:47 | Queue | Villager (Male) |
| 5:24 | Build | Mill |
| 5:41 | Queue | Villager (Male) |
| 6:17 | Queue | Villager (Male) |
| 6:37 | Research | Feudal Age |
| 7:10 | Build | Barracks |
| 7:58 | Build | Mining Camp |
| 8:07 | Build | House |
| 8:10 | Queue | Villager (Male) |
| 8:52 | Age | Feudal Age |
| 8:54 | Build | Archery Range |
| 8:58 | Research | Double-Bit Axe |
| 9:14 | Queue | Villager (Male) |
| 9:28 | Build | Mill |
| 9:34 | Queue | Villager (Male) |
| 9:37 | Queue | Archer |
| 9:37 | Queue | Archer |
| 9:53 | Queue | Archer |
| 9:57 | Build | Farm |
| 10:02 | Queue | Villager (Male) |
| 10:08 | Build | Palisade Wall |
| 10:10 | Build | Palisade Wall |
| 10:15 | Queue | Villager (Male) |
| 10:17 | Build | Farm |
| 10:17 | Queue | Archer |
| 10:23 | Build | Palisade Wall |
| 10:29 | Queue | Villager (Male) |
| 10:38 | Build | House |
| 10:40 | Build | House |
| 10:47 | Queue | Villager (Male) |
| 10:50 | Build | Farm |
| 11:07 | Queue | Villager (Male) |
| 11:11 | Build | Farm |
| 11:14 | Build | Farm |
| 11:16 | Queue | Archer |
| 11:47 | Queue | Villager (Male) |
| 12:00 | Queue | Villager (Male) |
| 12:02 | Queue | Archer |
| 12:02 | Queue | Archer |
| 12:10 | Queue | Villager (Male) |
| 12:27 | Queue | Villager (Male) |
| 12:31 | Build | Lumber Camp |
| 12:31 | Queue | Villager (Male) |
| 12:44 | Build | House |
| 12:50 | Queue | Villager (Male) |
| 13:03 | Queue | Archer |
| 13:25 | Queue | Villager (Male) |
| 13:30 | Queue | Villager (Male) |
| 13:37 | Queue | Villager (Male) |
| 13:43 | Queue | Archer |
| 13:51 | Research | Town Watch |
| 13:55 | Queue | Archer |
| 14:03 | Build | Blacksmith |
| 14:04 | Queue | Villager (Male) |
| 14:06 | Build | House |
| 14:08 | Build | Farm |
| 14:24 | Queue | Villager (Male) |
| 14:46 | Queue | Villager (Male) |
| 14:50 | Build | Watch Tower |
| 14:54 | Queue | Villager (Male) |
| 14:56 | Build | House |
| 15:03 | Queue | Archer |
| 15:06 | Build | Farm |
| 15:10 | Queue | Villager (Male) |
| 15:16 | Build | Farm |
| 15:18 | Build | Farm |
| 15:20 | Build | Farm |
| 15:27 | Research | Fletching |
| 15:29 | Queue | Villager (Male) |
| 15:52 | Queue | Villager (Male) |
| 15:58 | Queue | Archer |
| 15:58 | Queue | Archer |
| 15:59 | Build | Farm |
| 16:02 | Build | Lumber Camp |
| 16:15 | Queue | Villager (Male) |
| 16:18 | Build | Farm |
| 16:35 | Build | House |
| 16:35 | Build | House |
| 16:36 | Build | House |
| 16:37 | Build | House |
| 16:45 | Queue | Villager (Male) |
| 17:07 | Queue | Villager (Male) |
| 17:19 | Queue | Archer |
| 17:29 | Queue | Archer |
| 17:50 | Build | House |
| 17:51 | Build | House |
| 17:52 | Build | House |
| 18:08 | Queue | Villager (Male) |
| 18:30 | Queue | Villager (Male) |
| 18:42 | Queue | Archer |
| 18:49 | Build | Market |
| 18:52 | Queue | Villager (Male) |
| 18:54 | Research | Wheelbarrow |
| 19:37 | Queue | Villager (Male) |
| 19:43 | Queue | Archer |
| 20:08 | Build | Farm |
| 20:09 | Research | Castle Age |
| 20:10 | Queue | Archer |
| 20:38 | Queue | Archer |
| 20:38 | Queue | Archer |
| 20:56 | Queue | Archer |
| 21:22 | Queue | Archer |
| 21:42 | Queue | Archer |
| 21:46 | Research | Padded Archer Armor |
| 21:50 | Research | Horse Collar |
| 21:56 | Build | Farm |
| 21:59 | Build | Farm |
| 22:15 | Queue | Archer |
| 22:49 | Queue | Archer |
| 22:56 | Build | Palisade Wall |
| 22:59 | Build | Palisade Wall |
| 23:10 | Age | Castle Age |
| 23:13 | Research | Bodkin Arrow |
Match timeline
| 7:10 | Titanius · first_building Barracks |
| 8:52 | Titanius · age_up feudal |
| 8:54 | Titanius · first_building Archery Range |
| 10:02 | Im_16Years_Old_IamCaPte · age_up feudal |
| 10:08 | Titanius · wall_segment Palisade Wall x1 |
| 10:10 | Titanius · wall_segment Palisade Wall x1 |
| 10:16 | Im_16Years_Old_IamCaPte · first_building Donjon |
| 10:23 | Titanius · wall_segment Palisade Wall x1 |
| 18:54 | Im_16Years_Old_IamCaPte · first_market_buy 100 stone |
| 20:50 | Im_16Years_Old_IamCaPte · first_market_sell 100 wood |
| 22:56 | Titanius · wall_segment Palisade Wall x1 |
| 22:59 | Titanius · wall_segment Palisade Wall x1 |
| 23:10 | Titanius · age_up castle |
| 23:16 | Im_16Years_Old_IamCaPte · resign |
[ AI ANALYSIS · 1 CREDIT ]
What really happened in this match?
Wolo.gg analyzes every decision: build order, eco, micro, common mistakes by bracket. Personalized analysis on WhatsApp or Discord in 30 seconds.
Civ guide
Sicilians
Perfil
Jugador #25672067